 Dungeon Crawl Stone Soup version 0.30-a0-739-gea05faddec (webtiles) character file.

Game seed: 5724489272136962168

163 bande the Covered (level 5, 0/33 HPs)
             Began as a Gargoyle Fighter on Feb 5, 2023.
             Slain by Sigmund
             ... wielding a +0 scythe
              (13 damage)
             ... on level 3 of the Dungeon.
             The game lasted 00:05:22 (2441 turns).

bande the Covered (Gargoyle Fighter)                Turns: 2441, Time: 00:05:22

Health: 0/33       AC:  0    Str: 20    XL:     5   Next: 44%
Magic:  5/5        EV: 13    Int:  8    God:
Gold:   135        SH:  0    Dex: 11    Spells: 4/4 levels left

rFire   . . .      SeeInvis .    (weapon currently unavailable)
rCold   . . .      Faith    .    (shield currently unavailable)
rNeg    + . .      Spirit   .    (body armour currently unavailable)
rPois   ∞          Reflect  .    (helmet currently unavailable)
rElec   .          Harm     .    (cloak currently unavailable)
rCorr   .          Rampage  .    (gloves currently unavailable)
Will    .....                    (boots currently unavailable)
Stlth   +                        (no amulet)
HPRegen 0.25/turn                (ring currently unavailable)
MPRegen 0.09/turn                (ring currently unavailable)

@: confused, mighty, pig-form, very quick
A: fast, no casting, sickness immunity, AC +4, small, negative energy resistance
1, (electricity resistance), torment resistance 1, petrification resistance
a: no special abilities


You were on level 3 of the Dungeon.
You were a filthy swine.
You visited 1 branch of the dungeon, and saw 3 of its levels.

You collected 135 gold pieces.

Inventory:

Hand Weapons
 a - a +1 war axe (melded)
 l - a +0 flail
Armour
 c - a +0 buckler (melded)
 g - a +0 cloak (melded)
 h - a +1 pair of gloves (melded)
 n - a +0 chain mail (melded)
Jewellery
 j - a ring of magical power
Scrolls
 b - a scroll of enchant armour
 f - a scroll of teleportation
 r - 2 scrolls of fog
Potions
 i - a potion of berserk rage {unknown}
 k - 2 potions of resistance
 m - a potion of lignification {unknown}
 o - a potion of magic {unknown}
 p - a potion of flight {unknown}


   Skills:
 + Level 4.0 Fighting
 + Level 3.8 Axes
 + Level 4.0 Armour
 + Level 3.7 Shields


You had 4 spell levels left.
You didn't know any spells.
Your spell library contained the following spells:

 Spells                   Type           Power      Damage    Failure   Level
 Magic Dart               Conj           0%         1d3       41%         1
 Call Imp                 Summ           0%         N/A       54%         2
 Call Canine Familiar     Summ           0%         N/A       78%         3
 Mephitic Cloud           Conj/Pois/Air  0%         N/A       78%         3
 Portal Projectile        Hex/Tloc       0%         N/A       78%         3
 Leda's Liquefaction      Hex/Erth       0%         N/A       99%         4


Dungeon Overview and Level Annotations

Branches:
Dungeon (3/15)

Altars:

Annotations:
D:3 Sigmund


Innate Abilities, Weirdness & Mutations

You are a filthy swine.
You move quickly.
Your equipment is almost entirely melded.
You are incapable of wielding weapons or throwing items.
You cannot cast spells.
You are immune to sickness and miasma.
((Your stone body is resilient. (AC +4)))
You are immune to poison.
You resist negative energy. (rN+)
((You are resistant to electric shocks. (rElec)))
You are resistant to unholy torment.
You are immune to petrification.


Message History

You stop sporulating.
Your +1 war axe unmelds from your body.
Your +0 cloak unmelds from your body.
Your +1 pair of gloves unmelds from your body.
Your +0 buckler unmelds from your body.
Your +0 chain mail unmelds from your body.
You hear some strange, mumbled words.
A puff of flame appears from out of thin air!
The puff of flame hits you! Something hits you but does no damage.
You feel very mighty all of a sudden. Something hits you.
You miss something. Something hits you but does no damage.
You miss something. Something hits you.
You slash something! Something hits you!
* * * LOW HITPOINT WARNING * * *
You miss something. You miss something.
You hear some strange, mumbled words.
A puff of flame appears from out of thin air!
The puff of flame hits you but does no damage.
You hear some strange, mumbled words.
You are confused.
The frilled lizard hisses.
It was a potion of curing.
You feel better. Something hits you but does no damage.
You hit something. You hit something. Something hits you.
You miss something.
You hear some strange, mumbled words.
You are confused.
You hear a zap.
You turn into a filthy swine.
Your +1 war axe melds into your body.
Your +0 cloak melds into your body.
Your +1 pair of gloves melds into your body.
Your +0 buckler melds into your body.
Your +0 chain mail melds into your body.
You bump into the rock wall.
Sigmund appears from thin air!
Reactivating autopickup.
Sigmund hits you with a +0 scythe!
You die...

#........####.#
##.#####
#........# #.#
.# #.......##
#.# <.
##.....## #..
###
##......#######
#...........
#.......###
#........#
##.....#h#
##...##@#
######l# #.#
#.# #.# ... #.#


You could see Sigmund and a frilled lizard.

Vanquished Creatures
  An iguana (D:3)
  3 adders (D:2)
  4 gnolls
  A worm (D:2)
  A dart slug (D:1)
  4 bats
  7 endoplasms
  5 giant cockroaches
  6 goblins
  5 hobgoblins (D:1)
  4 jackals
  4 quokkas
  2 ball pythons (D:1)
  3 frilled lizards
  7 kobolds
  11 rats
68 creatures vanquished.

Notes
Turn   | Place    | Note
-------+----------+-------------------------------------------
     0 | D:1      | bande the Gargoyle Fighter began the quest for the Orb.
     0 | D:1      | Reached XP level 1. HP: 14/14 MP: 1/1
    52 | D:1      | Reached XP level 2. HP: 9/19 MP: 2/2
   302 | D:1      | Reached XP level 3. HP: 23/23 MP: 3/3
  1282 | D:1      | Reached XP level 4. HP: 21/29 MP: 4/4
  1947 | D:2      | Found a faded altar of an unknown god.
  1958 | D:2      | Reached XP level 5. HP: 33/33 MP: 5/5
  2407 | D:3      | Noticed Sigmund
  2441 | D:3      | Slain by Sigmund

Illustrated notes

Levels and vault maps discovered:
D:1:      wheals_arrival_linesprint, layout_basic, serial_bayou_pond_e,
          minmay_cut_off
D:2:      layout_rooms, hellmonk_ecumenical_altar_crossroads
D:3:      layout_rooms, uniq_jessica, uniq_terence, uniq_sigmund

Skill      XL: |  1  2  3  4  5 |
---------------+----------------+-----
Axes           | 2 3 |  3.8
Armour         | 4 |  4.0
Fighting       | 4 |  4.0
Shields        | |  3.7

Action                     |  1- 3 |  4- 6 || total
---------------------------+-------+-------++-------
  Melee: War axe           |   114 |    81 ||   195
    Use: Scroll            |     3 |     6 ||     9
         Potion            |       |     2 ||     2
 Armour: Scale mail        |    82 |    18 ||   100
         Chain mail        |       |    44 ||    44
         Skin              |       |     5 ||     5
  Dodge: Dodged            |    82 |    38 ||   120
  Block: Buckler           |    46 |    20 ||    66

Table legend: (Time is in decaauts)
 A = Elapsed time spent in this place.
 B = Non-inter-level travel time spent in this place.
 C = Inter-level travel time spent in this place.
 D = Time resting spent in this place.
 E = Time spent auto-exploring this place.
 F = Levels seen in this place.
 G = Mean time per level.
                   A        B        C        D        E       F      G
               +--------+--------+--------+--------+--------+-----+--------+
         Total |   2524 |   2418 |    106 |    796 |    963 |   3 |  841.3 |
       Dungeon |   2524 |   2418 |    106 |    796 |    963 |   3 |  841.3 |
               +--------+--------+--------+--------+--------+-----+--------+

Top non-repeatable levels by time:
     D:1: 1571 daAuts
     D:2: 607 daAuts
     D:3: 345 daAuts
